 Dungeon Crawl Stone Soup version 0.27-a0-720-g3f424a255b (webtiles) character file.

Game seed: 3345532788859081891

140 DarkShadow the Shield-Bearer (level 5, -20/46 HPs)
             Began as a Minotaur Fighter on Mar 23, 2021.
             Demolished by an orc warrior
             ... wielding a +0 scimitar
              (21 damage)
             ... on level 4 of the Dungeon.
             The game lasted 00:08:49 (3251 turns).

DarkShadow the Shield-Bearer (Minotaur Fighter)     Turns: 3251, Time: 00:08:50

Health: -20/46     AC:  7    Str: 21    XL:     5   Next: 2%
Magic:  4/4        EV:  8    Int:  5    God:
Gold:   1018       SH:  0    Dex: 10    Spells: 4/4 levels left

rFire    . . .     SeeInvis .   a - +1 war axe
rCold    . . .     Faith    .   c - +0 kite shield
rNeg     . . .     Spirit   .   b - +0 scale mail
rPois    .         Reflect  .   (helmet restricted)
rElec    .         Harm     .   (no cloak)
rCorr    .         Rampage  .   (no gloves)
Will     .....                  (no boots)
Stlth    ..........             (no amulet)
HPRegen  0.15/turn              (no ring)
MPRegen  0.09/turn              (no ring)

@: confused
A: horns 2, retaliatory headbutt
a: no special abilities


You were on level 4 of the Dungeon.
You visited 1 branch of the dungeon, and saw 4 of its levels.

You collected 1018 gold pieces.

Inventory:

Hand Weapons
 a - a +1 war axe (weapon)
Armour
 b - a +0 scale mail (worn)
 c - a +0 kite shield (worn)
Jewellery
 d - an amulet of magic regeneration
Scrolls
 j - 2 scrolls of teleportation
Potions
 e - a potion of brilliance {unknown}
 f - a potion of heal wounds {unknown}
 g - a potion of berserk rage {unknown}
 h - a potion of curing {unknown}
 i - a potion of flight {unknown}
 k - a potion of invisibility


   Skills:
 + Level 4.1 Fighting
 + Level 3.9 Axes
 + Level 4.4 Armour
 + Level 1.0 Dodging
 + Level 0.2 Stealth
 + Level 4.9 Shields


You had 4 spell levels left.
You didn't know any spells.
Your spell library contained the following spells:

 Spells                   Type           Power      Damage    Failure   Level
 Animate Skeleton         Necr           0%         N/A       99%         1
 Apportation              Tloc           0%         N/A       99%         1
 Corona                   Hex            0%         N/A       99%         1
 Summon Small Mammal      Summ           0%         N/A       99%         1
 Confusing Touch          Hex            0%         N/A       100%        3
 Gell's Gravitas          Tloc           0%         N/A       100%        3
 Petrify                  Tmut/Erth      0%         N/A       100%        4
 Metabolic Englaciation   Hex/Ice        0%         N/A       100%        5
 Yara's Violent Unravell  Hex/Tmut       0%         3d3       100%        5


Dungeon Overview and Level Annotations

Branches:
Dungeon (4/15)
 Temple: D:4-7

Altars:
Elyvilon

Portals:
Ossuary: D:4


Innate Abilities, Weirdness & Mutations

You have a pair of horns on your head.
You reflexively headbutt those who attack you in melee.


Message History

Unknown command.
You hear the slow hiss of a distant avalanche of sand.
d - an amulet of magic regeneration
Found a stone staircase leading down.
Found a stone staircase leading down.
There is a stone staircase leading down here.
You hear the hiss of a very distant avalanche of sand.
An orc, an orc warrior and an orc wizard come into view.
The orc shouts!
The orc warrior shouts!
Found 6 stones and 10 gold pieces.
The orc throws a boomerang.
The boomerang hits you.
The orc wizard points at you and mumbles some strange words.
The puff of flame hits you.
The orc wizard casts a spell at itself.
The orc wizard flickers and vanishes!
Deactivating autopickup; reactivate with Ctrl-A.
You hit the orc warrior. You headbutt the orc warrior.
The orc warrior is lightly wounded.
The orc warrior hits you with a +0 scimitar!
You block the orc warrior's attack.
You barely miss the orc warrior. Your headbutt misses the orc warrior.
The orc warrior is lightly wounded.
The orc warrior barely misses you. Something hits you.
An orc priest comes into view. It is wielding a +0 whip.
You closely miss something. You barely miss the orc warrior.
The orc priest shouts!
You block the orc warrior's attack.
The orc throws a boomerang.
You hear some strange, mumbled words.
You are confused.
The orc warrior hits you with a +0 scimitar.
You hear some strange, mumbled words.
Something tries to affect you, but you resist.
The orc warrior hits you with a +0 scimitar.
The orc throws a boomerang.
The boomerang hits you.
The orc warrior hits you with a +0 scimitar!
* * * LOW HITPOINT WARNING * * *
The orc throws a boomerang.
You're too confused to move!
The orc warrior hits you with a +0 scimitar!!
You die...

#### ###..#####
##........#### ###
#............## ..#
##.........>..# ..##
#..........o##########
...####.#.......@...o.......
....##..############.o###...
....##.## #....# .....#.#
#..#..# .......# #..##o.#
......## #..# ...( ......#
#..# ... .....## #..# $.
.....#


You could see an orc warrior, an orc priest and an orc.

Vanquished Creatures
  A human zombie (D:4)
  Robin (D:3)
  A white imp (D:3)
  A worm (D:2)
  A dart slug (D:2)
  An orc (D:3)
  9 ball pythons
  8 bats
  A giant cockroach (D:3)
  15 goblins
  8 hobgoblins
  8 kobolds
  5 oozes
  9 quokkas
  5 frilled lizards
  5 rats
79 creatures vanquished.

Notes
Turn   | Place    | Note
-------+----------+-------------------------------------------
     0 | D:1      | DarkShadow the Minotaur Fighter began the quest for the
                  | Orb.
     0 | D:1      | Reached XP level 1. HP: 19/19 MP: 0/0
   330 | D:1      | Reached XP level 2. HP: 27/27 MP: 1/1
  1007 | D:2      | Reached XP level 3. HP: 33/33 MP: 2/2
  1992 | D:3      | Identified a scroll of acquirement
  1992 | D:3      | Acquired 878 gold pieces
  2071 | D:3      | Reached skill level 1 in Dodging
  2076 | D:3      | Reached XP level 4. HP: 40/40 MP: 3/3
  2104 | D:3      | Noticed Robin
  2109 | D:3      | Killed Robin
  2524 | D:3      | Found a white marble altar of Elyvilon.
  3104 | D:4      | Found a sand-covered staircase.
  3123 | D:4      | Reached XP level 5. HP: 44/46 MP: 4/4
  3233 | D:4      | Noticed an orc warrior
  3250 | D:4      | HP: 1/46 [orc warrior/+0 scimitar (15)]
  3251 | D:4      | Demolished by an orc warrior

Illustrated notes

Levels and vault maps discovered:
D:1:      nzn_arrival_crosshair, layout_basic, minmay_octomino_c4
D:2:      layout_loops_corners
D:3:      layout_basic, elyvilon_altar_5, uniq_robin
D:4:      layout_cave_pods, enter_ossuary_3, biasface_ghost_orc_armoury,
          hex_tiny, guppyfry_early_orc_mine

Skill      XL: |  1  2  3 |
---------------+----------+-----
Shields        | 4 |  4.9
Armour         | 4 |  4.4
Fighting       | 4 |  4.1
Axes           | 3 |  3.9
Dodging        | 1 |  1.0
Stealth        | |  0.2

Action                   |  1- 3 |  4- 6 || total
-------------------------+-------+-------++-------
Melee: War axe           |   126 |    61 ||   187
       Headbutt          |    10 |    13 ||    23
  Use: Scroll            |     5 |     3 ||     8
       Potion            |       |     1 ||     1
Armor: Scale mail        |    83 |    21 ||   104
Dodge: Dodged            |    47 |    25 ||    72
Block: Kite shield       |    78 |    35 ||   113

Table legend: (Time is in decaauts)
 A = Elapsed time spent in this place.
 B = Non-inter-level travel time spent in this place.
 C = Inter-level travel time spent in this place.
 D = Time resting spent in this place.
 E = Time spent auto-exploring this place.
 F = Levels seen in this place.
 G = Mean time per level.
                   A        B        C        D        E       F      G
               +--------+--------+--------+--------+--------+-----+--------+
         Total |   3353 |   3351 |      2 |    278 |   1935 |   4 |  838.2 |
       Dungeon |   3353 |   3351 |      2 |    278 |   1935 |   4 |  838.2 |
               +--------+--------+--------+--------+--------+-----+--------+

Top non-repeatable levels by time:
     D:3: 1170 daAuts
     D:2: 1022 daAuts
     D:1: 986 daAuts
     D:4: 173 daAuts
